 Dungeon Crawl Stone Soup version 0.31-a0-986-g5e6e4ef867 (webtiles) character file.

Game seed: 5713078338257355396

18748 Demosthentine the Fighter (level 12, -1/87 HPs)
             Began as a Demonspawn Gladiator on Nov 7, 2023.
             Was a Priest of Hepliaklqana.
             Killed by divine providence
             ... invoked by a meliai
              (5 damage)
             ... on level 13 of the Dungeon.
             The game lasted 00:14:35 (11696 turns).

Demosthentine the Fighter (Demonspawn Gladiator)   Turns: 11696, Time: 00:14:35

Health: -1/87      AC:  9    Str: 17    XL:     12   Next: 30%
Magic:  0/17       EV: 32    Int:  9    God:    Hepliaklqana [***...]
Gold:   615        SH: 11    Dex: 18    Spells: 11/11 levels left

rFire   + . .        p - +3 trident of Qetaixaf {freeze, rPois rN+}
rCold   + . .        A - +0 buckler
rNeg    + . .        r - +0 leather armour {rC+}
rPois   +            c - +1 helmet
rElec   .            B - +2 cloak {rCorr}
rCorr   +            (gloves unavailable)
SInv    +            (no boots)
Will    .....        w - amulet of the acrobat
Stlth   +            s - ring of see invisible
HPRegen 0.34/turn    x - ring of protection from fire
MPRegen 0.30/turn

%: acrobat, guardian spirit
@: acrobatic
A: reduced essence, large bone plates 2, demonic guardian 2, magic shield, magic
regeneration, magic link, demonic touch 3
a: Renounce Religion, Recall Ancestor, Ancestor Identity, Transference


You were on level 13 of the Dungeon.
You worshipped Hepliaklqana.
Hepliaklqana was most pleased with you.
You visited 2 branches of the dungeon, and saw 14 of its levels.

You collected 875 gold pieces.
You spent 260 gold pieces at shops.

Inventory:

Hand Weapons
 p - the +3 trident of Qetaixaf (weapon) {freeze, rPois rN+}
   (You found it on level 3 of the Dungeon)

   rPois:     It protects you from poison rN+: It protects you from negative
   energy.
 u - a +4 trident
Missiles
 e - a javelin
Armour
 c - a +1 helmet (worn)
 r - a +0 leather armour of cold resistance (worn)
 A - a +0 buckler (worn)
 B - a +2 cloak of preservation (worn)
 E - the +1 leather armour of the Unbroken {Will+}
   (You found it on level 10 of the Dungeon)

   Will+:     It increases your willpower.
Jewellery
 s - a ring of see invisible (left hand)
 w - an amulet of the acrobat (around neck)
 x - a ring of protection from fire (right hand)
Wands
 b - a wand of mindburst (22)
 y - a wand of paralysis (3)
 z - a wand of iceblast (9)
Scrolls
 a - 7 scrolls of teleportation
 d - 3 scrolls of identify
 k - a scroll of fog
 o - 2 scrolls of blinking
 q - a scroll of revelation
 v - 2 scrolls of poison
 C - 2 scrolls of enchant weapon
 D - a scroll of immolation
Potions
 f - 2 potions of heal wounds
 g - 2 potions of haste
 h - 4 potions of attraction {unknown}
 i - 2 potions of invisibility
 j - 11 potions of curing
 l - 2 potions of cancellation
 m - 4 potions of might {unknown}
 n - 4 potions of brilliance {unknown}
 t - 2 potions of enlightenment
 F - a potion of magic {unknown}


   Skills:
 + Level 10.3 Fighting
 + Level 9.6 Polearms
 - Level 1.7 Throwing
 - Level 7.3 Armour
 + Level 9.7 Dodging
 - Level 4.4 Shields
 + Level 7.6 Invocations


You had 11 spell levels left.
You didn't know any spells.
Your spell library contained the following spells:

 Spells                   Type           Power      Damage    Failure   Level
 Blink                    Tloc           0%         N/A       67%         2
 Scorch                   Fire           0%         2d5       67%         2
 Frozen Ramparts          Ice            0%         1d1       88%         3
 Flame Wave               Conj/Fire      0%         2d4       99%         4
 Manifold Assault         Tloc           0%         N/A       99%         4
 Petrify                  Tmut/Erth      0%         N/A       99%         4
 Summon Ice Beast         Ice/Summ       0%         N/A       99%         4
 Metabolic Englaciation   Hex/Ice        0%         N/A       100%        5
 Summon Mana Viper        Hex/Summ       0%         N/A       100%        5
 Summon Cactus Giant      Summ           0%         N/A       100%        6
 Monstrous Menagerie      Summ           0%         N/A       100%        7


Dungeon Overview and Level Annotations

Branches:
Dungeon (13/15)            Temple (1/1) D:7            Lair (0/5) D:8
    Orc (0/2) D:10
 Vaults: D:13-14

Altars:
Ashenzari
Cheibriados
Dithmenos
Fedhas
Gozag
Hepliaklqana
Kikubaaqudgha
Makhleb
Nemelex Xobeh
Okawaru
Qazlal
Ru
Sif Muna
Trog
Uskayaw
Vehumet
Wu Jian
Xom
Yredelemnul

Shops:
D:7 [   D:10 [   D:12 (

Annotations:
D:3 1 runed translucent door
D:6 2 transporters, Lobster4's ghost, novice HOFi
D:9 4 transporters


Innate Abilities, Weirdness & Mutations

Your life essence is reduced to manifest your ancestor. (-10% HP)
You are mostly covered in large bone plates. (SH +6)
A demonic guardian rushes to your aid.
When hurt, damage is shared between your health and your magic reserves.
You regenerate magic rapidly.
When low on magic, you restore magic in place of health.
Your touch may irresistibly damage your foes and sap their willpower.


Message History

The meliai stings Wystan but does no damage.
The meliai invokes the aid of its god against you.
Something smites you!
* * * LOW HITPOINT WARNING * * *
A demonic guardian appears!
Wystan gestures at the meliai while chanting.
The meliai seems to slow down.
Reach: p) +3 trident of Qetaixaf {freeze, rPois rN+}
Press: ? - help, Dir - move target, f - meliai
Aim: a meliai, wielding a +1 vampiric hand axe and wearing a +0 robe (moderately wounded, slow, ally target, about 39% to evade the +3 trident of Qetaixaf)
You reach to attack!
You hit the meliai. You freeze the meliai.
The meliai is heavily wounded.
The meliai calls down the wrath of its god upon you.
Something smites you!
* * * LOW HITPOINT WARNING * * *
You swap places.
Wystan misses the meliai.
The meliai calls upon its god to heal the meliai.
The meliai is healed somewhat.
Your orange demon stings the meliai from afar!
The meliai looks as sick as possible!
Your orange demon poisons the meliai!
The meliai barely misses Wystan.
The meliai stings Wystan but does no damage.
Wystan casts a spell at the meliai.
The meliai resists with significant effort.
You swap places.
The meliai dies!
The meliai hits Wystan with a +0 hand axe!
The meliai stings Wystan!
Wystan points at the meliai and mumbles some strange words.
The meliai resists with significant effort.
Unknown command.
The meliai hits Wystan with a +0 hand axe!
Wystan is destroyed!
Your orange demon barely misses the meliai.
Unknown command.
You start resting.
Your soul eater hits the meliai!
The meliai calls down the wrath of its god upon you.
Something smites you!
You die...

#........####...
###.###..# #
#..# #.)#
###..####.##
#...........
###..####.##
#..####.#
#4@....(#
#3#########.#
#y.43y).....#
#############


You could see a meliai (ally target), a friendly soul eater (summoned) and a
friendly orange demon (summoned).

Vanquished Creatures
  A hydra (D:13)
  A boulder beetle (D:9)
  5 two-headed ogres
  A deep elf pyromancer (D:12)
  A guardian serpent (shapeshifter) (D:13)
  Joseph (D:10)
  A komodo dragon (D:12)
  An efreet (D:13)
  A rime drake (D:8)
  A meliai (D:13)
  2 polar bears (D:8)
  A hornet (D:7)
  7 slime creatures
  A flying skull (D:8)
  3 wraiths
  2 vampires
  2 wyverns
  10 yaks
  The ghost of boiyoioing the Slasher, an amateur GnCA of Ignis (D:3)
  A steam dragon (D:7)
  2 vampire mosquitoes (D:10)
  An acid dragon (D:9)
  2 water moccasins
  7 orc warriors
  A black bear (D:6)
  3 ice beasts (D:8)
  An elephant zombie (D:8)
  2 wolves (D:8)
  4 centaurs
  A phantom (D:5)
  An elf zombie (D:8)
  4 bullfrogs
  5 scorpions
  2 gnoll sergeants
  7 wights
  4 killer bees
  5 howler monkeys
  A centaur zombie (D:8)
  2 jellies
  11 orc priests
  4 hounds
  A gnoll bouda (D:7)
  4 sleepcaps
  3 iguanas
  17 orc wizards
  A scorpion zombie (D:8)
  A killer bee zombie (D:8)
  An ogre zombie (D:8)
  3 hound zombies (D:8)
  2 howler monkey zombies (D:8)
  Robin (D:2)
  16 gnolls
  11 adders
  2 shadow imps (D:5)
  2 white imps
  4 ufetubi
  2 adder zombies (D:8)
  5 dart slugs
  63 orcs
  8 ball pythons
  8 endoplasms
  A giant cockroach (D:4)
  12 goblins
  10 hobgoblins
  2 jackals (D:3)
  6 kobolds
  3 quokkas
  3 bats
  2 frilled lizards
  4 rats
312 creatures vanquished.

Vanquished Creatures (collateral kills)
  Erolcha (D:13)
  An unseen horror (D:12)
  Psyche (D:12)
  A meliai (D:13)
  2 yaks
  A vampire mosquito (D:10)
  A bullfrog (D:9)
  A gnoll sergeant (D:10)
  2 wights (D:10)
  A howler monkey (D:12)
  3 orc priests
  3 orc wizards
  A howler monkey zombie (D:8)
  A worm (D:2)
  5 orcs
  A bat (D:2)
26 creatures vanquished.

Vanquished Creatures (others)
  An ancestor (D:9)
  6 hexers
7 creatures vanquished.

Grand Total: 345 creatures vanquished

Notes
Turn   | Place    | Note
-------+----------+-------------------------------------------
     0 | D:1      | Demosthentine the Demonspawn Gladiator began the quest for
                  | the Orb.
     0 | D:1      | Reached XP level 1. HP: 16/16 MP: 1/1
   581 | D:1      | Gained mutation: A weak demonic guardian rushes to your
                  | aid. [demonic ancestry]
   581 | D:1      | Reached XP level 2. HP: 22/22 MP: 2/2
   906 | D:2      | Found a faded altar of an unknown god.
   921 | D:2      | Reached skill level 1 in Armour
  1101 | D:2      | Reached XP level 3. HP: 28/28 MP: 3/3
  1110 | D:2      | Noticed Robin
  1118 | D:2      | Killed Robin
  1410 | D:2      | Gained mutation: You regenerate magic rapidly. [demonic
                  | ancestry]
  1410 | D:2      | Reached XP level 4. HP: 30/34 MP: 4/4
  1790 | D:3      | Reached skill level 3 in Fighting
  1887 | D:3      | Found a runed translucent door.
  1903 | D:3      | Noticed boiyoioing's ghost (amateur GnCA)
  2021 | D:3      | Gained mutation: When hurt, damage is shared between your
                  | health and your magic reserves. [demonic ancestry]
  2021 | D:3      | Reached XP level 5. HP: 41/41 MP: 5/5
  2039 | D:3      | Identified the +3 trident of Qetaixaf {freeze, rPois rN+}
  2271 | D:3      | Found a runed translucent door.
  2338 | D:3      | Killed boiyoioing's ghost
  2339 | D:3      | Gained mutation: Your touch may inflict minor irresistible
                  | damage on your foes. [demonic ancestry]
  2339 | D:3      | Reached XP level 6. HP: 24/48 MP: 3/6
  3264 | D:5      | Entered Level 5 of the Dungeon
  3284 | D:5      | Reached skill level 4 in Fighting
  3438 | D:5      | Gained mutation: When low on magic, you restore magic in
                  | place of health. [demonic ancestry]
  3438 | D:5      | Reached XP level 7. HP: 54/54 MP: 7/7
  4334 | D:6      | Found a transporter.
  4374 | D:6      | Reached skill level 5 in Polearms
  4384 | D:6      | Reached skill level 5 in Fighting
  4384 | D:6      | Reached skill level 5 in Dodging
  4384 | D:6      | Gained mutation: You are partially covered in large bone
                  | plates. (SH +4) [demonic ancestry]
  4384 | D:6      | Reached XP level 8. HP: 56/62 MP: 8/8
  4683 | D:6      | Found a transporter.
  4726 | D:6      | Noticed Lobster4's ghost (novice HOFi)
  4893 | D:7      | Found a staircase to the Ecumenical Temple.
  4937 | D:7      | Reached skill level 6 in Fighting
  4937 | D:7      | Reached skill level 5 in Armour
  4944 | D:7      | Gained mutation: Your touch may inflict irresistible damage
                  | on your foes. [demonic ancestry]
  4944 | D:7      | Reached XP level 9. HP: 8/69 MP: 6/9
  5150 | Temple   | Entered the Ecumenical Temple
  5198 | Temple   | Became a worshipper of Hepliaklqana the Forgotten
  5316 | D:7      | Noticed a two-headed ogre
  5331 | D:7      | Killed a two-headed ogre
  5332 | D:7      | Reached skill level 7 in Fighting
  5796 | D:7      | Found Eriwyrgh's Armour Boutique.
  5801 | D:7      | Bought a +0 buckler for 45 gold pieces
  5801 | D:7      | Bought a +2 cloak of preservation for 215 gold pieces
  5835 | D:7      | Found a stormy altar of Qazlal.
  6192 | D:8      | Noticed a two-headed ogre
  6201 | D:8      | Killed a two-headed ogre
  6202 | D:8      | Reached skill level 1 in Shields
  6202 | D:8      | Gained mutation: A demonic guardian rushes to your aid.
                  | [demonic ancestry]
  6202 | D:8      | Reached XP level 10. HP: 24/79 MP: 3/10
  6434 | D:8      | Reached skill level 8 in Fighting
  6660 | D:8      | Found a basalt altar of Yredelemnul.
  6677 | D:8      | Found a staircase to the Lair.
  6925 | D:8      | Identified the beast talisman "Guckeler" {MP+9 Str-2 Dex+3
                  | Stlth+}
  7078 | D:8      | Reached * piety under Hepliaklqana
  7673 | D:9      | Reached skill level 1 in Invocations
  7821 | D:9      | Gained mutation: Your touch may irresistibly damage your
                  | foes and sap their willpower. [demonic ancestry]
  7821 | D:9      | Reached XP level 11. HP: 76/78 MP: 10/12
  7972 | D:9      | Reached ** piety under Hepliaklqana
  7973 | D:9      | Remembered your ancestor Wystan as a hexer
  7996 | D:9      | Found a transporter.
  8020 | D:9      | Found a transporter.
  8043 | D:9      | Found a transporter.
  8058 | D:9      | Noticed a boulder beetle
  8072 | D:9      | Killed a boulder beetle
  8119 | D:9      | Found a transporter.
  8449 | D:10     | Entered Level 10 of the Dungeon
  8513 | D:10     | Found a staircase to the Orcish Mines.
  8689 | D:10     | Noticed Joseph
  8700 | D:10     | Killed Joseph
  8981 | D:10     | Found Maseoki's Armour Shoppe.
  9123 | D:10     | Identified the +1 leather armour of the Unbroken {Will+}
  9446 | D:10     | Reached skill level 9 in Fighting
  9902 | D:11     | Noticed a two-headed ogre
  9914 | D:11     | Killed a two-headed ogre
 10204 | D:11     | Noticed a two-headed ogre
 10213 | D:11     | Killed a two-headed ogre
 10214 | D:11     | Reached skill level 5 in Invocations
 10301 | D:11     | Reached *** piety under Hepliaklqana
 10550 | D:12     | Noticed a two-headed ogre
 10560 | D:12     | Killed a two-headed ogre
 10707 | D:12     | Noticed Psyche
 10713 | D:12     | Killed Psyche
 10872 | D:12     | Found Suilum's Antique Weapon Shop.
 10969 | D:12     | Found a sacrificial altar of Ru.
 11011 | D:12     | Noticed a deep elf pyromancer
 11016 | D:12     | Killed a deep elf pyromancer
 11066 | D:12     | Gained mutation: You are mostly covered in large bone
                  | plates. (SH +6) [demonic ancestry]
 11066 | D:12     | Reached XP level 12. HP: 56/87 MP: 12/16
 11424 | D:13     | Noticed a five-headed hydra
 11431 | D:13     | Killed a five-headed hydra
 11432 | D:13     | Reached skill level 10 in Fighting
 11649 | D:13     | Noticed Erolcha
 11659 | D:13     | Killed Erolcha
 11688 | D:13     | HP: 4/87 [meliai/divine providence (9)]
 11696 | D:13     | Killed from afar by a meliai

Illustrated notes

Levels and vault maps discovered:
D:1:      minmay_arrival_shattered_statue, layout_basic
D:2:      layout_rooms, chequers_ecumenical_altar_island,
          kennysheep_generic_room_3, uniq_robin
D:3:      layout_rooms, ebering_ghost_sewer_f
D:4:      layout_basic, hangedman_decor_growths, minmay_misc_feat_enclosed,
          chequers_serial_rivers_micro_b
D:5:      layout_cave_pools, nicolae_hexahallways, roderic_roman_lattice,
          minmay_misc_feat_doors
D:6:      layout_basic, gammafunk_ghost_abyssal_escape, serial_park_tiny_pond,
          nicolae_figureground_sparkle
D:7:      layout_rooms, mainiacjoe_overflow_alcove_4, minmay_temple_entry_grid,
          serial_corexii_hall, chequers_hall_statues_y,
          corexii_hall_statues_deadend, serial_shops, shop_coins,
          minmay_alternating_orb
D:8:      layout_cave_pods, hellmonk_lair_entry_icy, roadster_capsule_ark_zombie
D:9:      layout_grid_maze, nicolae_diode_intersection
D:10:     layout_stronghold, hiddenorc2_lemuel, serial_shops,
          nicolae_shop_waterfront, nicolae_two_hexagons,
          minmay_sticks_and_stones
D:11:     layout_basic
D:12:     layout_loops_cross, serial_shops, nicolae_shop_real_fake_doors,
          nicolae_ru_path_of_blood, uniq_psyche
D:13:     layout_loops_ring, special_room [special_room_orc], feat_on_display,
          uniq_erolcha
Temple:   mainiacjoe_temple_hex_bubbles

Skill      XL: |  1  2  3  4  5  6  7  8  9 10 11 12 |
---------------+-------------------------------------+-----
Polearms       | 3 4 5 6 7 8 9 |  9.6
Armour         | 1 2 3 4 5 6 7 |  7.3
Dodging        | 3 4 5 6 7 8 9 |  9.7
Fighting       | 3 4 5 6 7 8 9 10 | 10.3
Shields        | 1 3 4 |  4.4
Invocations    | 1 6 7 |  7.6
Throwing       | |  1.7

Action                     |  1- 3 |  4- 6 |  7- 9 | 10-12 || total
---------------------------+-------+-------+-------+-------++-------
  Melee: Trident           |   103 |   195 |   234 |   644 ||  1176
         Punch             |     2 |       |     1 |     7 ||    10
         Touch             |       |     9 |    41 |    52 ||   102
  Throw: Throwing net      |     2 |       |     2 |     2 ||     6
 Invoke: Ancestor Life: He |       |       |       |     1 ||     1
    Use: Scroll            |     1 |     4 |     8 |     4 ||    17
         Potion            |       |       |     2 |     1 ||     3
   Stab: Sleeping          |     1 |     1 |     1 |     1 ||     4
         Held in net/web   |       |       |     2 |     5 ||     7
         Distracted        |       |       |     1 |     3 ||     4
         Confused          |       |       |       |     4 ||     4
 Armour: Leather armour    |    39 |    92 |   101 |   196 ||   428
  Dodge: Dodged            |    50 |    87 |   132 |   279 ||   548
  Block: Other             |       |       |    12 |    38 ||    50
         Buckler           |       |       |       |    92 ||    92

Table legend: (Time is in decaauts)
 A = Elapsed time spent in this place.
 B = Non-inter-level travel time spent in this place.
 C = Inter-level travel time spent in this place.
 D = Time resting spent in this place.
 E = Time spent auto-exploring this place.
 F = Levels seen in this place.
 G = Mean time per level.
                   A        B        C        D        E       F      G
               +--------+--------+--------+--------+--------+-----+--------+
         Total |  11675 |  11382 |    293 |    307 |   8971 |  14 |  833.9 |
       Dungeon |  11592 |  11335 |    257 |    307 |   8971 |  13 |  891.7 |
        Temple |     82 |     46 |     36 |      0 |      0 |   1 |   82.0 |
               +--------+--------+--------+--------+--------+-----+--------+

Top non-repeatable levels by time:
     D:8: 1436 daAuts
    D:10: 1260 daAuts
     D:7: 1067 daAuts
     D:5: 928 daAuts
     D:3: 913 daAuts
     D:1: 878 daAuts
     D:6: 854 daAuts
     D:4: 822 daAuts
    D:12: 801 daAuts
     D:9: 797 daAuts
    D:11: 777 daAuts
     D:2: 688 daAuts
    D:13: 366 daAuts
  Temple: 82 daAuts
